General information
- name: BNet
- type: Ladder 1vs1/FFA
- host: Battle.net
- saver: Lovefool
map: MeltingValley
- players: 2
- length: 42:28
- speed: Fast
- version: 1.23 W3XP
- replay type: Public
» download(141 KB)
Players
team 1 (loser)
RnR.Mugen.RnR (
green | 93 APM | 3927 actions | 42:24)
5 Blademaster
3 Wind Walk
2 Critical Strike
4 Shadow Hunter
2 Hex
2 Healing Wave
» actions
| Assign group hotkey | 43 | |
| Basic commands | 8 | |
| Build / train | 86 | |
| ESC pressed | 4 | |
| Enter build submenu | 36 | |
| Enter hero's abilities submenu | 9 | |
| Give item / drop item | 15 | |
| Remove unit from queue | 1 | |
| Right click | 2002 | |
| Select / deselect | 638 | |
| Select group hotkey | 875 | |
| Use ability | 210 | |
3927 total
» units
| Peon | 16 | |
| Grunt | 3 | |
| Raider | 9 | |
| Spirit Walker | 5 | |
33 total
» upgrades
| Berserker Strength | 1 | |
| Ensnare | 1 | |
| Spirit Walker Training | 2 | |
| Pillage | 1 | |
| Reinforced Defenses | 1 | |
| Melee Weapons | 1 | |
| Armor | 1 | |
8 total
» buildings
| Altar of Storms | 1 | |
| Orc Burrow | 4 | |
| Voodoo Lounge | 1 | |
| Stronghold | 1 | |
| Barracks | 1 | |
| Spirit Lodge | 1 | |
| Beastiary | 2 | |
| War Mill | 1 | |
| Great Hall | 6 | |
| Fortress | 2 | |
| Watch Tower | 11 | |
31 total
» build order
00:03 Altar of Storms
00:16 Orc Burrow
00:38 Voodoo Lounge
02:14 Stronghold
02:28 Orc Burrow
03:24 Barracks
04:21 Orc Burrow
05:37 Spirit Lodge
05:41 Beastiary
05:51 Orc Burrow
08:50 War Mill
10:21 Great Hall
11:22 Fortress
11:29 Watch Tower
12:12 Watch Tower
12:37 Watch Tower
13:35 Beastiary
13:40 Great Hall
15:49 Great Hall
16:45 Great Hall
17:52 Watch Tower
18:32 Watch Tower
19:46 Watch Tower
19:54 Watch Tower
20:31 Great Hall
22:33 Watch Tower
23:09 Watch Tower
23:09 Watch Tower
23:10 Watch Tower
24:04 Great Hall
» items
| Healing Salve | 5 | |
| Lesser Clarity Potion | 6 | |
| Scroll of Speed | 3 | |
| Circlet of Nobility | 3 | |
| Boots of Speed | 1 | |
| Staff of Teleportation | 1 | |
| Dust of Appearance | 1 | |
| Potion of Lesser Invulnerability | 3 | |
| Scroll of Town Portal | 3 | |
| Scroll of Healing | 1 | |
| Orb of Lightning | 1 | |
28 total
team 2 (winner)
Lovefool (
teal | 72 APM | 3047 actions | 42:28)
5 Blademaster
3 Wind Walk
2 Critical Strike
» actions
| Assign group hotkey | 38 | |
| Basic commands | 110 | |
| Build / train | 65 | |
| ESC pressed | 4 | |
| Enter build submenu | 22 | |
| Enter hero's abilities submenu | 5 | |
| Give item / drop item | 10 | |
| Remove unit from queue | 1 | |
| Right click | 1945 | |
| Select / deselect | 529 | |
| Select group hotkey | 206 | |
| Use ability | 112 | |
3047 total
» units
| Peon | 17 | |
| Grunt | 4 | |
| Raider | 7 | |
| Tauren | 6 | |
34 total
» upgrades
| Ensnare | 1 | |
| Melee Weapons | 3 | |
| Reinforced Defenses | 1 | |
| Pulverize | 1 | |
6 total
» buildings
| Altar of Storms | 1 | |
| Orc Burrow | 6 | |
| Barracks | 1 | |
| Stronghold | 1 | |
| Voodoo Lounge | 1 | |
| War Mill | 1 | |
| Beastiary | 2 | |
| Watch Tower | 6 | |
| Fortress | 1 | |
| Tauren Totem | 2 | |
| Great Hall | 1 | |
23 total
» build order
00:07 Altar of Storms
00:12 Orc Burrow
00:32 Barracks
01:30 Orc Burrow
02:31 Stronghold
02:45 Voodoo Lounge
04:42 War Mill
05:57 Beastiary
05:59 Beastiary
06:04 Watch Tower
06:08 Watch Tower
06:13 Watch Tower
06:16 Orc Burrow
07:42 Watch Tower
08:14 Fortress
10:56 Orc Burrow
12:14 Watch Tower
15:04 Tauren Totem
15:56 Watch Tower
17:21 Orc Burrow
17:27 Tauren Totem
18:53 Orc Burrow
28:29 Great Hall
» items
| Dust of Appearance | 2 | |
| Boots of Speed | 4 | |
| Healing Salve | 4 | |
| Scroll of Speed | 1 | |
| Scroll of Town Portal | 2 | |
| Tiny Great Hall | 2 | |
| Orb of Lightning | 1 | |
16 total
Chat log
(06:24 / All) Lovefool: will you like
(06:25 / All) Lovefool: fuck off
(06:26 / All) Lovefool: nigger
(09:38 / All) RnR.Mugen.RnR: abuse....
(09:43 / All) Lovefool: shut the fuck up slut
(09:50 / All) RnR.Mugen.RnR: cru
(09:57 / All) Lovefool: speak english whore?
(10:01 / All) RnR.Mugen.RnR: sure
(10:03 / All) RnR.Mugen.RnR: noob
(10:12 / All) Lovefool: or your third world ass too poor for an education
(10:18 / All) RnR.Mugen.RnR: bla bla
(10:23 / All) Lovefool: mad nerds
(10:28 / All) RnR.Mugen.RnR: bla bla
(10:29 / All) Lovefool: trying to copy grubby
(10:36 / All) RnR.Mugen.RnR: blba bla
(10:48 / All) Lovefool: yeah gonna be funny seeing u get ur ass raped
(10:58 / All) RnR.Mugen.RnR: yea yea
(11:07 / All) RnR.Mugen.RnR: noob speaking
(11:12 / All) Lovefool: u mad nerd?
(12:42 / All) Lovefool: sad nerd
(14:05 / All) Lovefool: story of your life
(14:07 / All) Lovefool: getting raped
(24:36 / All) Lovefool: slut
(26:55 / All) Lovefool: yeah run whore
(29:10 / All) Lovefool: got dust
(29:13 / All) Lovefool: just to rape ur bm
(37:55 / All) Lovefool: such a bitch ass
(37:56 / All) Lovefool: slut
(41:46 / All) Lovefool: looking grim bitch?
(42:03 / All) Lovefool: WUT
(42:11 / All) RnR.Mugen.RnR: ;)
(42:23 / All) RnR.Mugen.RnR: u litle kid sorry u wast my time